 Dungeon Crawl Stone Soup version 0.20.1-1-g8b1a95d (webtiles) character file.

1207 nightchill the Ruffian (level 8, -6/66 HPs)
             Began as a Ghoul Warper on Dec 24, 2017.
             Was a Believer of Cheibriados.
             Mangled by a wight
             ... wielding a cursed +4 trident
              (7 damage)
             ... on level 6 of the Dungeon.
             The game lasted 00:19:15 (5547 turns).

nightchill the Ruffian (Ghoul Warper)               Turns: 5547, Time: 00:19:15

Health: -6/66      AC:  7    Str: 20    XL:     8   Next: 45%
Magic:  9/10       EV: 11    Int: 12    God:    Cheibriados [**....]
Gold:   257        SH:  0    Dex: 13    Spells: 9/11 levels left

rFire    . . .     SeeInvis +     - Unarmed
rCold    + . .     Gourm    .   (no shield)
rNeg     + + +     Faith    .   y - +0 ring mail
rPois    ∞         Spirit   .   M - +1 hat
rElec    .         Reflect  .   p - +0 cloak
rCorr    .         Harm     .   (no gloves)
MR       .....                  (no boots)
Stlth    +.........             (no amulet)
Regen    0.0/turn               v - ring of see invisible
MPRegen  0.2/turn               (no ring)

@: rotting, very slow
A: rotting body, claws 1, carnivore 3, cold resistance 1, negative energy
resistance 3, inhibited regeneration, torment resistance, unbreathing
a: Bend Time, Renounce Religion


You were on level 6 of the Dungeon.
You worshipped Cheibriados.
Cheibriados was pleased with you.
You were not hungry.

You visited 1 branch of the dungeon, and saw 6 of its levels.

You collected 257 gold pieces.

Inventory:

Hand Weapons
 i - a +1 hunting sling
 I - the +11 hunting sling "Wagoojate" {velocity, +Blink rF++ Str+9 Stlth-, unknown}
   (You found it on level 4 of the Dungeon)

   Any stone fired from it inflicts extra damage.
   It affects your strength (+9).
   It greatly protects you from fire.
   It lets you blink.
   It makes you less stealthy.
Missiles
 d - 9 tomahawks of dispersal (quivered)
 g - 45 poisoned needles
 k - 128 stones
 z - 6 tomahawks
Armour
 a - a +0 leather armour
 e - a scarf of cloud immunity
 p - a +0 cloak (worn)
 y - a +0 ring mail (worn)
 H - a +0 shield
 M - a +1 hat (worn)
Jewellery
 v - a ring of see invisible (left claw)
 w - an uncursed ring of ice {unknown}
Scrolls
 c - a scroll of blinking
 j - a scroll of fear
 n - 2 scrolls of teleportation
 o - 2 scrolls of amnesia
 q - a scroll of identify
 s - a scroll of enchant armour
 u - a scroll of random uselessness
 B - 2 scrolls of remove curse
 C - 4 scrolls of fog
Potions
 l - a potion of might {unknown}
 m - a potion of mutation {unknown}
 r - a potion of brilliance {unknown}
 x - 3 potions of cancellation {unknown}
 A - 2 potions of agility {unknown}
 D - 2 potions of flight {unknown}
 G - 3 potions of curing {unknown}
Books
 b - a book of Spatial Translocations

   Spells                             Type                      Level
   a - Blink                          Translocation                2
   b - Shroud of Golubria             Charms/Translocation         2
   c - Lesser Beckoning               Translocation                3
   d - Gell's Gravitas                Translocation                3
   e - Teleport Other                 Translocation                3
   f - Passage of Golubria            Translocation                4
 K - a book of Misfortune

   Spells                             Type                      Level
   a - Confusing Touch                Hexes                        1
   b - Confuse                        Hexes                        3
   c - Gell's Gravitas                Translocation                3
   d - Petrify                        Transmutation/Earth          4
   e - Metabolic Englaciation         Hexes/Ice                    5
   f - Yara's Violent Unravelling     Hexes/Transmutation          5
Comestibles
 f - a meat ration
 h - 2 royal jellies


   Skills:
 + Level 4.2 Fighting
 - Level 0.8 Throwing
 + Level 3.0 Armour
 - Level 1.7 Dodging
 + Level 7.8 Unarmed Combat
 - Level 2.0 Spellcasting
 - Level 2.6 Translocations
 + Level 5.3 Invocations


You had 9 spell levels left.
You knew the following spells:

 Your Spells              Type           Power        Failure   Level  Hunger
a - Blink                 Tloc           N/A          22%         2    ###....


Dungeon Overview and Level Annotations

Branches:
Dungeon (6/15)             Temple (0/1) D:5

Altars:
Ashenzari
Cheibriados
Dithmenos
Hepliaklqana
Qazlal

Shops:
D:4 [


Innate Abilities, Weirdness & Mutations

Your body is rotting away.
You thrive on raw meat.
You are immune to poison.
You have sharp fingernails.
You are carnivorous and can eat meat at any time.
Your flesh is cold resistant. (rC+)
You are immune to negative energy. (rN+++)
You do not regenerate when monsters are visible.
You are immune to unholy pain and torment.
You can survive without breathing.


Message History

The wight is heavily damaged.
The wight hits you with an enchanted flail.
You scratch the wight.
The wight is severely damaged.
Press: ? - help, v - describe, . - travel
Here: a wight, wielding an enchanted flail and wearing a robe (severely damaged)
The floor, spattered with blood.
The flow of time bends around you.
Cheibriados rebukes the wight.
The wight seems to slow down.
You feel slightly more hungry.
The wight hits you with an enchanted flail.
* * * LOW HITPOINT WARNING * * *
There is an open door here.
The wight hits you with an enchanted flail.
* * * LOW HITPOINT WARNING * * *
The wight hits you with an enchanted flail!
* * * LOW HITPOINT WARNING * * *
The wight hits you but does no damage.
The wight hits you from afar with an enchanted trident!
You die...

####### #.....#
#.....####
#........#
#######....#######
......'..........#
#######....#####.#
#### #....# #@#
...####....# ##z##
##.........# #.zz#
#.).......# #.z.#
#.......### #...#
..#..# ##.......#
#...# #.#..#
.....)...# #...#
#.#..# .....#####
#...# ....###
.....# #...#
#.....


You could see 4 wights.

Vanquished Creatures
  A water moccasin (D:5)
  A sky beast (D:5)
  A phantom (D:5)
  A necrophage (D:5)
  An ogre (D:6)
  2 bullfrogs
  A scorpion (D:5)
  A howler monkey (D:5)
  2 crimson imps (D:5)
  A jelly (D:6)
  A hound (D:4)
  7 worker ants
  A hound zombie (D:6)
  8 adders
  2 oozes
  An adder skeleton (D:4)
  5 worms
  4 dart slugs
  2 leopard geckos
  11 orcs
  3 ball pythons (D:1)
  5 giant cockroaches
  4 goblins
  6 hobgoblins
  15 jackals
  2 quokkas
  6 bats
  6 frilled lizards
  6 kobolds
  18 rats
125 creatures vanquished.

Notes
Turn   | Place    | Note
-------+----------+-------------------------------------------
     0 | D:1      | nightchill the Ghoul Warper began the quest for the Orb.
     0 | D:1      | Reached XP level 1. HP: 17/17 MP: 2/2
   253 | D:1      | Reached XP level 2. HP: 22/24 MP: 4/4
   420 | D:1      | Reached skill level 3 in Unarmed Combat
   674 | D:1      | Reached XP level 3. HP: 24/29 MP: 5/5
  1078 | D:2      | Reached skill level 4 in Unarmed Combat
  1221 | D:2      | Reached XP level 4. HP: 25/36 MP: 6/6
  1558 | D:2      | Reached skill level 5 in Unarmed Combat
  1879 | D:3      | Reached XP level 5. HP: 31/41 MP: 7/7
  2727 | D:3      | Found a snail-covered altar of Cheibriados.
  2766 | D:3      | Became a worshipper of Cheibriados the Contemplative
  3025 | D:3      | Found a shattered altar of Ashenzari.
  3026 | D:3      | Found a hazy altar of Hepliaklqana.
  3029 | D:3      | Found a stormy altar of Qazlal.
  3296 | D:4      | Reached skill level 6 in Unarmed Combat
  3296 | D:4      | Reached skill level 1 in Invocations
  3351 | D:4      | Reached XP level 6. HP: 24/48 MP: 8/8
  3530 | D:4      | Got a twisted hunting sling
  3682 | D:4      | Found Dugif's Antique Armour Emporium.
  3861 | D:4      | Reached * piety under Cheibriados
  4142 | D:5      | Entered Level 5 of the Dungeon
  4143 | D:5      | Noticed a necrophage
  4157 | D:5      | Killed a necrophage
  4164 | D:5      | Noticed a water moccasin
  4170 | D:5      | Killed a water moccasin
  4170 | D:5      | Reached skill level 7 in Unarmed Combat
  4170 | D:5      | Reached XP level 7. HP: 44/55 MP: 9/9
  4278 | D:5      | Reached skill level 1 in Armour
  4642 | D:5      | Found a staircase to the Ecumenical Temple.
  4738 | D:5      | Reached XP level 8. HP: 63/63 MP: 10/10
  4759 | D:5      | Found a shadowy altar of Dithmenos.
  5113 | D:5      | Reached skill level 5 in Invocations
  5150 | D:6      | Reached ** piety under Cheibriados
  5227 | D:6      | Learned a level 2 spell: Blink
  5545 | D:6      | HP: 1/66 [wight/enchanted flail (11)]
  5547 | D:6      | Mangled by a wight

Skill      XL: |  1  2  3  4  5  6  7  8 |
---------------+-------------------------+-----
Spellcasting   | 2 |  2.0
Unarmed Combat | 3 4 5 6 7 |  7.8
Invocations    | 1 4 5 |  5.3
Armour         | 2 3 |  3.0
Fighting       | 3 4 |  4.2
Throwing       | |  0.8
Dodging        | |  1.7
Translocations | |  2.6

Action                   |  1- 3 |  4- 6 |  7- 9 || total
-------------------------+-------+-------+-------++-------
Melee: Unarmed           |   102 |   224 |   136 ||   462
       Punch             |       |     3 |     5 ||     8
Invok: Bend Time         |       |       |     2 ||     2
  Use: Scroll            |       |    12 |       ||    12
  Eat: Chunk             |    12 |    22 |    10 ||    44
Armor: Leather armour    |    21 |    32 |       ||    53
       Ring mail         |       |    33 |    49 ||    82
Dodge: Dodged            |    63 |   118 |    82 ||   263
